AoeStats
← rattan archer

Arena

509657162Analyzed
1v1 RM · 4d ago on Sep 27, 2026· 49m 20s· 2 players
Game mode
Random Map
Map size
Tiny (2 player)
Population
200
Speed
Normal
Resources
Standard
Victory
Conquest
Starting age
Dark Age
Ending age
Imperial Age
RankedLock teamsTeams togetherTeam positionsShared explorationLock speedFull tech treeHidden civsTurbo modeCheats
Victory
Defeat
🇻🇳 Chinese · Vietnam
1171
+16
🇹🇷 Huns · Türkiye
1175
-16
rattan archer
0:32 Loom
10:34 Feudal Age
15:06 Castle Age
13:54 Double-Bit Axe
14:08 Horse Collar
17:22 Bow Saw
18:05 Wheelbarrow
19:25 Squires
20:59 Town Watch
21:43 Gold Mining
22:14 Stone Mining
22:59 Gold Shaft Mining
24:21 Stone Shaft Mining
25:08 Hand Cart
24:55 Town Patrol
25:35 Fletching
25:50 Padded Archer Armor
26:55 Bodkin Arrow
27:16 Leather Archer Armor
27:27 Ballistics
27:31 Heavy Plow
28:22 Masonry
32:21 Imperial Age
31:16 Thumb Ring
34:13 Chemistry
33:45 Conscription
35:15 Ring Archer Armor
34:49 Bracer
34:22 Heavy Rocket Cart
35:22 Murder Holes
37:04 Two-Man Saw
36:44 Fortified Wall
38:43 Architecture
38:48 Rocketry
39:19 Architecture
39:47 Elite Chu Ko Nu
42:07 Great Wall
43:37 Fortified Wall
KafKars
10:37 Feudal Age
15:17 Castle Age
13:21 Horse Collar
13:29 Double-Bit Axe
27:23 Imperial Age
24:41 Loom
26:22 Wheelbarrow
26:08 Heavy Plow
27:35 Fletching
27:46 Padded Archer Armor
28:18 Bow Saw
28:06 Gold Mining
30:19 Two-Man Saw
30:00 Elite Skirmisher
31:43 Atheism
32:20 Gold Shaft Mining
32:16 Thumb Ring
32:29 Stone Mining
33:22 Hand Cart
33:13 Bodkin Arrow
33:34 Leather Archer Armor
33:57 Bloodlines
33:47 Husbandry
34:22 Ballistics
33:35 Pikeman
34:16 Squires
35:45 Chemistry
35:21 Conscription
35:22 Bracer
35:09 Halberdier
35:49 Squires
35:37 Arson
35:49 Light Cavalry
36:22 Hussar
37:03 Husbandry
37:17 Forging
37:15 Scale Barding Armor
39:32 Iron Casting
39:18 Chain Barding Armor
39:23 Masonry
39:09 Murder Holes
40:00 Scale Mail Armor
43:02 Blast Furnace
42:38 Plate Barding Armor
48:37 Blast Furnace
48:22 Plate Barding Armor
Connection lost

Rejoining the realm…

Still unreachable

The connection could not be restored.

Session expired

The server has moved on; the page needs a fresh start.